 Dungeon Crawl Stone Soup version 0.17.1-2-g5865329 (webtiles) character file.

97 FortyThree the Poker (level 4, -9/36 HPs)
             Began as a Centaur Gladiator on Feb 4, 2016.
             Was an Initiate of Okawaru.
             Killed by divine providence
             ... invoked by an orc priest
              (13 damage)
             ... on level 4 of the Dungeon.
             The game lasted 00:03:57 (2351 turns).

FortyThree the Poker (Centaur Gladiator)            Turns: 2351, Time: 00:03:57

Health: -9/36      AC:  6    Str: 17    XL:     4   Next: 42%
Magic:  4/4        EV:  9    Int:  8    God:    Okawaru [......]
Gold:   185        SH:  0    Dex: 10    Spells: 0 memorised, 3 levels left

rFire  . . .     SeeInvis .     a - +0 trident
rCold  . . .     Clarity  .     w - +0 leather armour (curse)
rNeg   . . .     SustAt   .     (no shield)
rPois  .         Gourm    .     y - +2 hat
rElec  .         Spirit   .     (no cloak)
rCorr  .         Warding  .     (no gloves)
rMut   .         Stasis   .     (no barding)
MR     .....                    (no amulet)
Stlth  ..........               (no ring)
                                (no ring)

@: very quick, not resistant to hostile enchantments, extremely unstealthy
A: hooves 3, deformed body, speed 2, tough skin 3
a: Renounce Religion


You were on level 4 of the Dungeon.
You worshipped Okawaru.
Okawaru was noncommittal.
You were very hungry.

You visited 2 branches of the dungeon, and saw 5 of its levels.

You collected 185 gold pieces.

Inventory:

Hand Weapons
 a - a +0 trident (weapon)
Missiles
 d - 4 throwing nets (quivered)
 z - 4 javelins
Armour
 b - a +0 leather armour
 c - a +0 helmet
 w - a cursed +0 leather armour (worn)
 y - a +2 hat (worn)
Scrolls
 g - a scroll of random uselessness {unknown}
 h - 3 scrolls of magic mapping {unknown}
 k - 2 scrolls of remove curse {unknown}
 n - 3 scrolls of identify {unknown}
 o - 2 scrolls of amnesia {unknown}
 r - a scroll of blinking {unknown}
 t - 2 scrolls of immolation {unknown}
 v - a scroll of recharging {unknown}
 x - a scroll of enchant armour {unknown}
 A - a scroll of teleportation {unknown}
Potions
 f - a potion of flight {unknown}
 l - a potion of lignification {unknown}
 p - 2 potions of curing {unknown}
 q - a potion of berserk rage {unknown}
 s - a potion of degeneration {unknown}
 u - 2 potions of cancellation {unknown}
Comestibles
 e - 3 bread rations
 i - 2 meat rations
 j - a beef jerky
 m - 6 fruits


   Skills:
 - Level 2.0 Fighting
 + Level 4.8 Polearms
 - Level 2.1 Throwing
 - Level 2.1 Dodging


You had 3 spell levels left.
You didn't know any spells.

Dungeon Overview and Level Annotations

Branches:
Dungeon (4/15)             Temple (1/1) D:4

Altars:
Ashenzari
Cheibriados
Dithmenos
Elyvilon
Fedhas
Gozag
Kikubaaqudgha
Makhleb
Nemelex Xobeh
Okawaru
Qazlal
Ru
Sif Muna
Trog
Vehumet
Xom
Yredelemnul
Zin
The Shining One


Innate Abilities, Weirdness & Mutations

You have hooves in place of feet.
Armour fits poorly on your strangely shaped body.
You cover ground very quickly.
You have extremely tough skin (AC +3).


Message History

Deactivating autopickup; reactivate with Ctrl-A.
The orc wizard hits you with a dagger.
The orc priest calls upon Beogh to heal the orc wizard.
The orc wizard is healed somewhat.
You hit the orc wizard.
You kick the orc wizard, but do no damage.
The orc wizard is heavily wounded.
The orc wizard casts a cantrip, but nothing happens.
The orc priest calls down the wrath of Beogh upon you.
Pain shoots through your body!
You hit the orc wizard.
The orc wizard is heavily wounded.
The orc wizard hits you but does no damage. x2
The orc hits you but does no damage.
The orc priest mumbles some strange prayers to Beogh against you.
Pain shoots through your body!
* * * LOW HITPOINT WARNING * * *
The orc priest calls down the wrath of Beogh upon you.
Something smites you!
You die...

#.......[####.#..##
#.#..###...####)#..##
#.#..................
#.#..#.#...####.##.## .
#.#.##.#...# #. #.# ...
#.#.## #...####.##.##
##..##.#.# ..............
......o#.##.#...#<........
#.{o.@................
#.o#.##.#...####.##...
......... .. ..........
#..#..#.##.#... ###.##..#
#. #..#.# # ..# ##.##..# #
#..#.# ........... ......
.......... .#..###
###.##.#. ... #.#.


You could see an orc priest, an orc wizard and an orc.

Vanquished Creatures
  A worker ant (D:3)
  5 adders
  A giant gecko (D:1)
  A ball python (D:1)
  2 giant cockroaches (D:3)
  4 goblins
  3 hobgoblins
  3 kobolds
  4 bats
  2 giant newts (D:2)
  8 rats
34 creatures vanquished.

Notes
Turn   | Place    | Note
--------------------------------------------------------------
     0 | D:1      | FortyThree the Centaur Gladiator began the quest for the Orb.
     0 | D:1      | Reached XP level 1. HP: 17/17 MP: 1/1
   100 | D:1      | Reached skill level 3 in Polearms
   266 | D:1      | Reached XP level 2. HP: 24/24 MP: 2/2
   735 | D:2      | You fall through a shaft!
   868 | D:3      | Reached XP level 3. HP: 29/29 MP: 3/3
   885 | D:3      | Reached skill level 4 in Polearms
  1454 | D:3      | Reached XP level 4. HP: 16/36 MP: 4/4
  2018 | D:3      | Found a sparkling altar of Nemelex Xobeh.
  2204 | D:4      | Found a staircase to the Ecumenical Temple.
  2214 | Temple   | Entered the Ecumenical Temple
  2249 | Temple   | Became a worshipper of Warmaster Okawaru
  2351 | D:4      | Killed from afar by an orc priest

Action                   |  1- 3 |  4- 6 || total
-------------------------+-------+-------++-------
Melee: Trident           |   107 |    31 ||   138
  Eat: Chunk             |       |     2 ||     2
